 Dungeon Crawl Stone Soup version 0.18.1-50-g88ac8fd (webtiles) character file.

1117 quietfox the Destroyer (level 8, -3/41 HPs)
             Began as a Deep Elf Fire Elementalist on Oct 24, 2016.
             Slain by a wraith (6 damage)
             ... in an ossuary.
             The game lasted 00:21:05 (5383 turns).

quietfox the Destroyer (Deep Elf Fire Elementalist) Turns: 5383, Time: 00:21:06

Health: -3/41      AC:  4    Str:  5    XL:     8   Next: 12%
Magic:  0/15       EV: 13    Int: 23    God:
Gold:   141        SH:  0    Dex: 15    Spells: 4 memorised, 0 levels left

rFire  . . .     SeeInvis .     f - +4 spear (venom)
rCold  . . .     Gourm    .     x - +0 robe (curse)
rNeg   . . .     Faith    .     (no shield)
rPois  .         Spirit   .     k - +0 helmet (curse)
rElec  .         Dismiss  .     h - +0 cloak
rCorr  .         Reflect  .     (no gloves)
SustAt .         Harm     +     (no boots)
MR     .....                    o - amulet of harm
Stlth  ++........               (no ring)
                                (no ring)

@: slowed, very slow, not resistant to hostile enchantments, unstealthy
A: no striking features
a: no special abilities


You were in an ossuary.
You were near starving.

You visited 1 branch of the dungeon, and saw 5 of its levels.
You also visited: Ossuary.

You collected 141 gold pieces.

Inventory:

Hand Weapons
 f - a +4 spear of venom (weapon)
Missiles
 m - 2 throwing nets (quivered)
Armour
 a - a +0 robe
 h - a +0 cloak (worn)
 k - a cursed +0 helmet (worn)
 s - a +2 hat
 x - a cursed +0 robe (worn)
Jewellery
 o - an amulet of harm (around neck)
Wands
 d - a wand of slowing (14/48)
 t - a wand of polymorph (16/24)
 u - a wand of disintegration (4/24)
 z - a wand of disintegration (12/24)
Scrolls
 g - 2 scrolls of amnesia
 j - 2 scrolls of teleportation
 l - a scroll of fear
 n - a scroll of recharging
 q - a scroll of remove curse {unknown}
 v - a scroll of fog
 y - a scroll of enchant weapon
 A - a scroll of identify
Potions
 e - 2 potions of heal wounds
 p - a potion of haste {unknown}
 w - a potion of lignification {unknown}
 B - a potion of agility {unknown}
Books
 b - a book of Flames

   Spells                             Type                      Level
   a - Flame Tongue                   Conjuration/Fire             1
   b - Throw Flame                    Conjuration/Fire             2
   c - Conjure Flame                  Conjuration/Fire             3
   d - Inner Flame                    Hexes/Fire                   3
   e - Sticky Flame                   Conjuration/Fire             4
   f - Fireball                       Conjuration/Fire             5
Comestibles
 c - 3 bread rations
 i - 4 meat rations
 r - 2 slices of pizza


   Skills:
 - Level 2.8 Dodging
 - Level 2.4 Stealth
 * Level 3.7 Spellcasting
 - Level 8.1 Conjurations
 - Level 7.1 Fire Magic


You couldn't memorise any spells.
You knew the following spells:

 Your Spells              Type           Power        Failure   Level  Hunger
a - Fireball              Conj/Fire      #####.....   14%         5    ######.
b - Throw Flame           Conj/Fire      #####.       1%          2    #......
c - Conjure Flame         Conj/Fire      #####...     1%          3    ###....
d - Sticky Flame          Conj/Fire      #####...     6%          4    ####...


Dungeon Overview and Level Annotations

Branches:
Dungeon (5/15)
 Temple: D:4-7

Altars:
Kikubaaqudgha
Makhleb
Sif Muna

Annotations:
D:2 exclusion: 2 downstairs
D:5 Drunkenshrew's ghost, amateur DDNe


Message History

Casting: Sticky Flame
Confirm with . or Enter, or press ? or * to list all spells.
Okay, then.
Casting: Sticky Flame
Confirm with . or Enter, or press ? or * to list all spells.
Aiming: Throw Flame
Press: ? - help, Shift-Dir - straight line, f/p - wraith
Aim: a wraith (heavily damaged)
The puff of flame hits the wraith.
The wraith is heavily damaged.
The wraith hits you.
* * * LOW HITPOINT WARNING * * *
The wraith hits you.
* * * LOW HITPOINT WARNING * * *
The wraith drains your vigour!
You feel as though you will be slow longer.
A kobold skeleton comes into view.
The orc skeleton barely misses you. The orc skeleton closely misses you.
The wraith hits you.
You die...

.. #.!.?!..'...+
...##.?!!.##...#
#...##...##...##
#...#####...## .
. #......Z..##...
..#####'#####Z...
.......Z.........
.......W.........
######'@Z########
#...#### +...'..#
#...#..# #...####
#...# #...# #...#
#...#


You could see a wraith, a kobold skeleton (wandering) and 2 orc skeletons.

Vanquished Creatures
  Grinder (D:3)
  A sky beast (D:3)
  An orc warrior (D:5)
  An ogre (D:4)
  A howler monkey (D:4)
  A crimson imp (D:5)
  3 hounds
  Crazy Yiuf (D:2)
  2 worker ants (D:4)
  Ijyb (D:2)
  Terence (D:3)
  An iguana (D:4)
  An orc wizard (D:4)
  A hound zombie (D:5)
  3 hound skeletons
  A mummy (Ossuary)
  A howler monkey skeleton (D:4)
  8 adders
  3 gnolls (D:4)
  3 oozes
  6 worms
  A dart slug (D:3)
  2 giant geckos
  14 orcs
  9 bats
  6 giant cockroaches
  9 goblins
  9 hobgoblins
  4 jackals (D:4)
  6 kobolds
  2 quokkas
  2 ball pythons
  6 giant newts
  3 gnoll skeletons (Ossuary)
  3 kobold skeletons (Ossuary)
  4 orc skeletons (Ossuary)
  A quokka skeleton (D:4)
  9 rats
132 creatures vanquished.

Notes
Turn   | Place    | Note
--------------------------------------------------------------
     0 | D:1      | quietfox the Deep Elf Fire Elementalist began the quest for the Orb.
     0 | D:1      | Reached XP level 1. HP: 10/10 MP: 6/6
   112 | D:1      | Reached XP level 2. HP: 15/15 MP: 0/8
   319 | D:1      | Learned a level 2 spell: Throw Flame
   742 | D:1      | Reached XP level 3. HP: 19/19 MP: 7/10
  1068 | D:2      | Reached skill level 2 in Conjurations
  1135 | D:2      | Learned a level 3 spell: Conjure Flame
  1152 | D:2      | Noticed Crazy Yiuf
  1164 | D:2      | Killed Crazy Yiuf
  1164 | D:2      | Reached XP level 4. HP: 24/24 MP: 3/11
  1386 | D:2      | Found a burning altar of Makhleb.
  1453 | D:2      | Noticed Ijyb
  1459 | D:2      | Learned a level 4 spell: Sticky Flame
  1464 | D:2      | Killed Ijyb
  1578 | D:2      | Reached skill level 3 in Conjurations
  1773 | D:2      | Reached XP level 5. HP: 28/28 MP: 2/12
  1992 | D:3      | Noticed Terence
  1992 | D:3      | Noticed a sky beast
  2029 | D:3      | Reached skill level 5 in Fire Magic
  2132 | D:3      | Noticed Grinder
  2439 | D:3      | Killed a sky beast
  2439 | D:3      | Reached skill level 4 in Conjurations
  2439 | D:3      | Reached XP level 6. HP: 32/32 MP: 6/13
  2749 | D:3      | Found an ancient bone altar of Kikubaaqudgha.
  2784 | D:3      | Found a deep blue altar of Sif Muna.
  2846 | D:3      | Killed Terence
  3109 | D:3      | Killed Grinder
  3109 | D:3      | Reached skill level 5 in Conjurations
  3109 | D:3      | Reached XP level 7. HP: 31/36 MP: 4/14
  3272 | D:3      | Found a faded altar to an unknown god.
  3330 | D:4      | Reached skill level 6 in Conjurations
  4082 | D:4      | Reached skill level 7 in Conjurations
  4808 | D:5      | Entered Level 5 of the Dungeon
  4885 | D:5      | Reached XP level 8. HP: 40/41 MP: 13/15
  4891 | D:5      | Noticed Drunkenshrew's ghost (amateur DDNe)
  4951 | D:5      | Reached skill level 8 in Conjurations
  5064 | D:5      | Found a sand-covered staircase.
  5071 | Ossuary  | Entered an ossuary
  5331 | Ossuary  | Learned a level 5 spell: Fireball
  5383 | Ossuary  | Slain by a wraith

Skill      XL: |  1  2  3  4  5  6  7  8 |
---------------+-------------------------+-----
Fire Magic     | 4 5 6 7 |  7.1
Conjurations   | 2 3 4 5 7 8 |  8.1
Dodging        | |  2.8
Stealth        | |  2.4
Spellcasting   | |  3.7

Action                   |  1- 3 |  4- 6 |  7- 9 || total
-------------------------+-------+-------+-------++-------
Melee: Spear             |    22 |    64 |   113 ||   199
 Cast: Flame Tongue      |    17 |     3 |    38 ||    58
       Throw Flame       |    20 |    56 |    42 ||   118
       Conjure Flame     |     1 |     4 |     3 ||     8
       Sticky Flame      |       |     2 |     6 ||     8
       Fireball          |       |       |     2 ||     2
  Use: Scroll            |       |     7 |     4 ||    11
       Potion            |       |       |     2 ||     2
 Stab: Sleeping          |     3 |     1 |     1 ||     5
  Eat: Chunk             |     1 |     9 |     8 ||    18
Armor: Robe              |     4 |     2 |    15 ||    21
Dodge: Dodged            |    13 |    13 |    69 ||    95
